 Dungeon Crawl Stone Soup version 0.29.0-5-ge4962eb29e (webtiles) character file.

Game seed: 3178142493884871814

3567 Flugkiller the Cleaver (level 9, -5/83 HPs)
             Began as a Minotaur Fighter on Aug 29, 2022.
             Slain by an orc warrior
             ... wielding a +3 dire flail of protection
              (9 damage)
             ... on level 5 of the Dungeon.
             The game lasted 00:03:24 (7033 turns).

Flugkiller the Cleaver (Minotaur Fighter)           Turns: 7033, Time: 00:03:24

Health: -5/83      AC: 11    Str: 20    XL:     9   Next: 84%
Magic:  8/8        EV: 13    Int:  5    God:
Gold:   317        SH:  5    Dex: 15    Spells: 8/8 levels left

rFire   . . .      SeeInvis .   a - +0 war axe
rCold   . . .      Faith    .   c - +0 buckler
rNeg    . . .      Spirit   .   b - +0 scale mail
rPois   .          Reflect  .   (helmet restricted)
rElec   .          Harm     .   i - +0 cloak
rCorr   .          Rampage  .   t - +0 pair of gloves
Will    +....                   (no boots)
Stlth   ..........              u - amulet of the acrobat
HPRegen 0.23/turn               m - ring of willpower
MPRegen 0.11/turn               v - +4 ring of evasion

@: no status effects
A: horns 2, retaliatory headbutt
a: no special abilities


You were on level 5 of the Dungeon.
You visited 1 branch of the dungeon, and saw 6 of its levels.

You collected 317 gold pieces.

Inventory:

Hand Weapons
 a - a +0 war axe (weapon)
Missiles
 y - 6 silver javelins
 z - 2 boomerangs of dispersal (quivered)
Armour
 b - a +0 scale mail (worn)
 c - a +0 buckler (worn)
 i - a +0 cloak (worn)
   (You found it on level 1 of the Dungeon)
 t - a +0 pair of gloves (worn)
   (You found it on level 5 of the Dungeon)
Jewellery
 m - a ring of willpower (left hand)
   (You found it on level 2 of the Dungeon)
 u - an amulet of the acrobat (around neck)
   (You found it on level 3 of the Dungeon)
 v - a +4 ring of evasion (right hand)
   (You found it on level 2 of the Dungeon)
Scrolls
 e - a scroll of silence
 g - a scroll of enchant armour
 j - 3 scrolls of immolation
 p - a scroll of noise
 s - a scroll of vulnerability
Potions
 d - a potion of might
 f - 4 potions of flight {unknown}
 h - a potion of haste
 k - a potion of cancellation {unknown}
 l - a potion of degeneration {unknown}
 n - a potion of attraction {unknown}
 q - 4 potions of curing
 w - a potion of heal wounds


   Skills:
 + Level 9.0 Fighting
 * Level 11.8 Axes
 + Level 3.0 Throwing
 + Level 9.0 Armour
 - Level 3.6 Shields


You had 8 spell levels left.
You didn't know any spells.
Your spell library was empty.

Dungeon Overview and Level Annotations

Branches:
Dungeon (6/15)
 Temple: D:4-7

Altars:
Nemelex Xobeh
Ru
Xom

Shops:
D:6 [


Innate Abilities, Weirdness & Mutations

You have a pair of horns on your head.
You reflexively headbutt those who attack you in melee.


Message History

The crimson imp closely misses you. You furiously retaliate!
You headbutt the crimson imp. You completely miss the crimson imp.
Your headbutt misses the crimson imp.
The crimson imp is moderately wounded.
The crimson imp blinks!
The crimson imp blinks!
There is a stone staircase leading up here.
You climb upwards.
There is a stone staircase leading down here.
You start resting.
HP restored.
You climb downwards.
The crimson imp misses you.
The crimson imp hits you but does no damage.
There is a stone staircase leading up here.
The crimson imp closely misses you.
You miss the crimson imp. Your headbutt misses the crimson imp.
The crimson imp barely misses you.
You slash the crimson imp!
You kill the crimson imp!
Your Throwing skill increases to level 3!
No target in view!
No target in view!
No target in view!
No target in view!
No target in view!
No target in view!
No target in view!
No target in view!
No target in view!
No target in view!
(D) Dungeon
Where to? (Enter - D:5 @ (x,y), ? - help)
There is a stone staircase leading down here.
You climb downwards.
The orc warrior hits you with a +3 dire flail of protection!
There is a stone staircase leading up, spattered with blood here.
Unknown command.
You completely miss the orc warrior. You block the orc warrior's attack.
You closely miss the orc warrior.
The orc warrior hits you with a +3 dire flail of protection!!
You hit the orc warrior.
The orc warrior is lightly wounded.
You block the orc warrior's attack.
You closely miss the orc warrior. Your headbutt misses the orc warrior.
The orc warrior is lightly wounded.
The orc warrior closely misses you.
You barely miss the orc warrior.
The orc warrior is lightly wounded.
The orc warrior hits you with a +3 dire flail of protection.
You closely miss the orc warrior. Your headbutt misses the orc warrior.
The orc warrior is lightly wounded.
You block the orc warrior's attack.
You closely miss the orc warrior.
You headbutt the orc warrior, but do no damage.
The orc warrior is lightly wounded.
The orc warrior hits you but does no damage.
You closely miss the orc warrior. Your headbutt misses the orc warrior.
The orc warrior is lightly wounded.
The orc warrior hits you with a +3 dire flail of protection.
You closely miss the orc warrior.
The orc warrior is lightly wounded.
The orc warrior closely misses you.
You hit the orc warrior but do no damage.
The orc warrior is lightly wounded.
The orc warrior closely misses you.
You slash the orc warrior! Your headbutt misses the orc warrior.
The orc warrior is heavily wounded.
You closely miss the orc warrior. Your headbutt misses the orc warrior.
The orc warrior is heavily wounded.
The orc warrior hits you with a +3 dire flail of protection!
You barely miss the orc warrior.
You headbutt the orc warrior, but do no damage.
The orc warrior is heavily wounded.
The orc warrior hits you with a +3 dire flail of protection!
You are too injured to fight recklessly!
You hit the orc warrior. Your headbutt misses the orc warrior.
The orc warrior is severely wounded.
The orc warrior hits you with a +3 dire flail of protection!
* * * LOW HITPOINT WARNING * * *
You hit the orc warrior but do no damage.
Your headbutt misses the orc warrior.
The orc warrior is severely wounded.
The orc warrior closely misses you.
You hit the orc warrior but do no damage.
The orc warrior is severely wounded.
The orc warrior closely misses you.
You hit the orc warrior.
The orc warrior is severely wounded.
The orc warrior barely misses you.
You hit the orc warrior but do no damage.
The orc warrior is severely wounded.
The orc warrior hits you with a +3 dire flail of protection!
* * * LOW HITPOINT WARNING * * *
You slash the orc warrior! Your headbutt misses the orc warrior.
The orc warrior is almost dead.
You block the orc warrior's attack.
You hit the orc warrior but do no damage.
The orc warrior is almost dead.
The orc warrior hits you with a +3 dire flail of protection!
You die...

#.# #.#.....#[# ###.# #.#.###.#.#
....# #.#.# #.#)# ###########
#.#.# #.#.# )...o...o.# #.#.#
#.#.#
)########.#######.#.###.#.#######
.................................
##.######.#.#####...###.#.####...
#.## #.#.....@o..# #.#.# #...
##.o## #.#.###.[)..# #.#.# #...
.....####.#.....)...###.#.# #...
.......##.#..........##.#.# #...
....##.##..........#.##.#.# ##.#
....##.###########.#.##.#.#####..
..............#....#.#..#...##~~.
....###..####.#.####....#..#.~~≈≈
....# ##......#.# #.......~~~≈~~


You could see an orc warrior.

Vanquished Creatures
  A two-headed ogre (D:5)
  A troll (D:5)
  Grinder (D:4)
  Menkaure (D:5)
  A water moccasin (D:5)
  A black bear (D:5)
  2 ice beasts (D:5)
  An orc warrior (D:5)
  4 ogres
  A centaur (D:5)
  2 necrophages (D:5)
  A scorpion (D:5)
  4 wights
  3 howler monkeys
  4 crimson imps (D:4)
  6 hounds
  3 orc priests
  A gnoll bouda (D:6)
  Natasha (twice) (D:2)
  6 iguanas
  4 orc wizards
  17 gnolls
  3 adders
  A white imp (D:5)
  2 worms (D:2)
  13 dart slugs
  21 orcs
  4 ball pythons
  4 bats
  9 endoplasms
  2 giant cockroaches
  4 goblins
  3 hobgoblins
  4 kobolds
  4 quokkas
  3 frilled lizards
  3 rats (D:1)
147 creatures vanquished.

Vanquished Creatures (others)
  An orc (D:6)
  10 fungi (D:2)
  2 plants (D:2)
13 creatures vanquished.

Grand Total: 160 creatures vanquished

Notes
Turn   | Place    | Note
-------+----------+-------------------------------------------
     0 | D:1      | Flugkiller the Minotaur Fighter began the quest for the
                  | Orb.
     0 | D:1      | Reached XP level 1. HP: 19/19 MP: 0/0
   169 | D:1      | Reached skill level 3 in Axes
   169 | D:1      | Reached XP level 2. HP: 26/27 MP: 1/1
  1157 | D:2      | Reached XP level 3. HP: 33/33 MP: 2/2
  1268 | D:2      | Noticed Natasha
  1272 | D:2      | Killed Natasha
  1273 | D:2      | Reached skill level 4 in Axes
  1276 | D:2      | Reached XP level 4. HP: 41/41 MP: 3/3
  1570 | D:2      | Noticed Natasha
  1581 | D:2      | Killed Natasha
  1718 | D:2      | Found a faded altar of an unknown god.
  1945 | D:3      | Reached skill level 5 in Axes
  1945 | D:3      | Reached XP level 5. HP: 45/47 MP: 4/4
  2422 | D:3      | Found a sacrificial altar of Ru.
  2471 | D:3      | Reached skill level 5 in Fighting
  2471 | D:3      | Reached skill level 5 in Armour
  2694 | D:4      | Noticed Grinder
  2698 | D:4      | Reached XP level 6. HP: 56/56 MP: 5/5
  2704 | D:4      | Killed Grinder
  2705 | D:4      | Reached skill level 6 in Axes
  2705 | D:4      | Reached XP level 7. HP: 51/62 MP: 6/6
  2780 | D:4      | Reached skill level 7 in Axes
  3332 | D:4      | Reached skill level 8 in Axes
  3421 | D:4      | Found a sparkling altar of Nemelex Xobeh.
  3867 | D:4      | Found a shimmering altar of Xom.
  3909 | D:4      | Reached XP level 8. HP: 66/71 MP: 7/7
  3974 | D:5      | Entered Level 5 of the Dungeon
  4202 | D:5      | Noticed Menkaure
  4214 | D:5      | Killed Menkaure
  4237 | D:5      | Reached skill level 9 in Axes
  4775 | D:5      | Noticed a two-headed ogre
  4787 | D:5      | Killed a two-headed ogre
  4788 | D:5      | Reached skill level 10 in Axes
  4788 | D:5      | Reached XP level 9. HP: 37/81 MP: 8/8
  5648 | D:6      | Found Idauvom Ytt's Antique Armour Boutique.
  5655 | D:6      | Reached skill level 1 in Throwing
  5747 | D:5      | Reached skill level 11 in Axes
  5949 | D:6      | Noticed a troll
  6398 | D:5      | Killed a troll
  7031 | D:5      | HP: 4/83 [orc warrior/+3 dire flail of protection (10)]
  7033 | D:5      | Slain by an orc warrior

Illustrated notes

Levels and vault maps discovered:
D:1:      wander_arrival_desolate, layout_basic
D:2:      layout_basic, hellmonk_ecumenical_altar_pennies_from_heaven,
          serial_bayou_pond_d, dreamdust_mushroom_princess,
          dreamdust_princess_corridor, uniq_natasha
D:3:      layout_basic, nicolae_ru_awakened_eye
D:4:      layout_cave_pools, nemelex_diamond_rough_becter, led_xom_imps,
          chequers_arboretum, uniq_grinder
D:5:      kennysheep_slugbush, layout_basic, minmay_small_thing, uniq_menkaure
D:6:      cheibrodos_fzero, layout_rooms, amcnicky_altar_gilded,
          minmay_temple_entry_statues_pillars, serial_shops, shop_fountains,
          feat_on_display

Skill      XL: |  1  2  3  4  5  6  7  8  9 |
---------------+----------------------------+-----
Axes           | 3 4 5 6 8 10 11 | 11.8
Fighting       | 4 5 6 8 9 |  9.0
Armour         | 4 5 6 8 9 |  9.0
Throwing       | 3 |  3.0
Shields        | |  3.6

Action                   |  1- 3 |  4- 6 |  7- 9 || total
-------------------------+-------+-------+-------++-------
Melee: War axe           |    50 |    82 |   267 ||   399
       Headbutt          |     6 |    18 |    45 ||    69
  Use: Scroll            |     1 |       |    14 ||    15
       Potion            |       |     1 |     1 ||     2
Armor: Scale mail        |    21 |    36 |    94 ||   151
Dodge: Dodged            |    18 |    41 |   223 ||   282
Block: Buckler           |     3 |    24 |    87 ||   114
